 Dungeon Crawl Stone Soup version 0.30-a0-859-gf88a04b62d (webtiles) character file.

Game seed: 12579802291200176620

92 NinjaNoafa the Stinger (level 4, -9/33 HPs)
             Began as a Draconian Wanderer on Mar 6, 2023.
             Killed from afar by Ijyb (15 damage)
             ... with a bolt of light
             ... on level 3 of the Dungeon.
             The game lasted 00:04:59 (2062 turns).

NinjaNoafa the Stinger (Draconian Wanderer)         Turns: 2062, Time: 00:04:59

Health: -9/33      AC:  6    Str: 19    XL:     4   Next: 35%
Magic:  3/7        EV: 11    Int: 15    God:
Gold:   146        SH:  0    Dex: 11    Spells: 7/8 levels left

rFire   + . .      SeeInvis +    a - +7 hand axe "Orphulosau" {holy, rPois rF+ SInv}
rCold   . . .      Faith    .    (no shield)
rNeg    . . .      Spirit   .    (body armour unavailable)
rPois   +          Reflect  .    b - +0 hat
rElec   .          Rampage  .    (no cloak)
rCorr   .                        k - +0 pair of gloves
Will    .....                    (no boots)
Stlth   ++                       (no amulet)
HPRegen 0.25/turn                i - +6 ring of strength
MPRegen 0.10/turn                (no ring)

@: no status effects
A: AC +5, unfitting armour, cold-blooded
a: no special abilities


You were on level 3 of the Dungeon.
You visited 1 branch of the dungeon, and saw 3 of its levels.

You collected 146 gold pieces.

Inventory:

Hand Weapons
 a - the +7 hand axe "Orphulosau" (weapon) {holy, rPois rF+ SInv}
   (You found it on level 2 of the Dungeon)

   rF:        It protects you from fire.
   rPois:     It protects you from poison.
   SInv:      It lets you see invisible.
Missiles
 l - 2 datura-tipped darts
Armour
 b - a +0 hat (worn)
 k - a +0 pair of gloves (worn)
Jewellery
 i - a +6 ring of strength (left hand)
Scrolls
 d - 2 scrolls of fog {unknown}
 e - 3 scrolls of blinking {unknown}
 g - 3 scrolls of teleportation {unknown}
 h - a scroll of poison {unknown}
 j - a scroll of noise {unknown}
 m - 2 scrolls of butterflies {unknown}
 n - 2 scrolls of magic mapping {unknown}
 p - a scroll of enchant weapon {unknown}
 q - a scroll of torment {unknown}
Potions
 c - 2 potions of lignification
 f - 2 potions of might {unknown}
 o - a potion of mutation {unknown}
 r - a potion of attraction {unknown}


   Skills:
 - Level 1.7 Ranged Weapons
 - Level 1.0 Dodging
 - Level 1.7 Stealth
 + Level 2.5 Spellcasting
 - Level 1.6 Transmutations
 - Level 4.0 Poison Magic
 - Level 1.0 Invocations


You had 7 spell levels left.
You knew the following spells:

 Your Spells              Type           Power      Damage    Failure   Level
a - Sting                 Tmut/Pois      40%        1d5       7%          1

Your spell library contained the following spells:

 Spells                   Type           Power      Damage    Failure   Level
 Spider Form              Tmut/Pois      10%        N/A       21%         3
 Foxfire                  Conj/Fire      4%         2x1d4     22%         1
 Static Discharge         Conj/Air       2%         2-3/arc   32%         2
 Vhi's Electric Charge    Tloc/Air       2%         N/A       54%         3
 Blade Hands              Tmut           3%         N/A       96%         5
 Arcjolt                  Conj/Air       0%         1d10      99%         5
 Fireball                 Conj/Fire      0%         3d3       99%         5
 Irradiate                Conj/Tmut      2%         3d12      99%         5
 Lightning Bolt           Conj/Air       0%         1d11      99%         5
 Starburst                Conj/Fire      0%         6d3       100%        6
 Dragon Form              Tmut           3%         N/A       100%        7


Dungeon Overview and Level Annotations

Branches:
Dungeon (3/15)

Altars:
Kikubaaqudgha
Sif Muna
Xom

Annotations:
D:3 Ijyb


Innate Abilities, Weirdness & Mutations

Your plain brown scales are hard. (AC +5)
You cannot fit into any form of body armour.
You are cold-blooded and may be slowed by cold attacks.


Message History

Confirm with . or Enter, or press ? or * to list all spells.
Aiming: Sting (safe; 7% risk of failure)
Press: ? - help, Shift-Dir - straight line, f/p - Ijyb
Aim: Ijyb, wielding a +0 dagger, wearing a +0 ring mail and carrying a wand of light (7) (lightly wounded, poisoned, 68% to hit)
The sting hits Ijyb.
Ijyb looks even sicker.
Ijyb is lightly wounded.
Ijyb zaps a wand.
The bolt of light misses you.
Casting: Sting (safe; 7% risk of failure)
Confirm with . or Enter, or press ? or * to list all spells.
Aiming: Sting (safe; 7% risk of failure)
Press: ? - help, Shift-Dir - straight line, f/p - Ijyb
Aim: Ijyb, wielding a +0 dagger, wearing a +0 ring mail and carrying a wand of light (6) (moderately wounded, very poisoned, 68% to hit)
The sting hits Ijyb but does no damage.
Ijyb looks even sicker.
Ijyb is moderately wounded.
Ijyb hits you with a +0 dagger.
Casting: Sting (safe; 7% risk of failure)
Confirm with . or Enter, or press ? or * to list all spells.
Aiming: Sting (safe; 7% risk of failure)
Press: ? - help, Shift-Dir - straight line, f/p - Ijyb
Aim: Ijyb, wielding a +0 dagger, wearing a +0 ring mail and carrying a wand of light (6) (heavily wounded, very poisoned, 68% to hit)
The sting misses Ijyb.
The sting hits the quokka.
The quokka is poisoned.
The quokka is heavily wounded.
Ijyb zaps a wand.
The bolt of light hits you!
* * * LOW HITPOINT WARNING * * *
The dart slug launches a dart at you. The slug dart hits you.
* * * LOW HITPOINT WARNING * * *
You hit Ijyb.
Ijyb is heavily wounded.
You kill the quokka!
Ijyb hits you with a +0 dagger.
* * * LOW HITPOINT WARNING * * *
An endoplasm comes into view.
The dart slug launches a dart at you. The slug dart misses you.
Okay, then.
You hit Ijyb.
Ijyb is almost dead.
Ijyb zaps a wand.
The bolt of light hits you!
You die...

.#..........##..
................
##.######.#.####
#.# ####.#.# . #.#
#......# ... #.#
#.##.### ....# #.#
#.##.# ......####.#
#.##.#
......g@...###)##.#
....####..........#
. #w###.#.#### ..J#
#.#.# ###.# #.#.#
#.. ....# ##. #####
. ##


You could see Ijyb (very poisoned), a dart slug and an endoplasm.

Vanquished Creatures
  4 adders
  A worm (D:2)
  A dart slug (D:2)
  3 bats
  5 endoplasms
  A giant cockroach (D:2)
  4 hobgoblins
  3 jackals (D:1)
  4 kobolds
  4 quokkas
  4 ball pythons
  A frilled lizard (D:2)
  8 goblins
  2 rats (D:1)
45 creatures vanquished.

Vanquished Creatures (others)
  16 plants (D:2)
16 creatures vanquished.

Grand Total: 61 creatures vanquished

Notes
Turn   | Place    | Note
-------+----------+-------------------------------------------
     0 | D:1      | NinjaNoafa the Draconian Wanderer began the quest for the
                  | Orb.
     0 | D:1      | NinjaNoafa set off with the following items: a +2 sling, a
                  | +0 hat, a potion of lignification; and the following spell
                  | memorised: Sting; and the following spells available to
                  | memorise: Spider Form.
     0 | D:1      | Reached XP level 1. HP: 14/14 MP: 2/2
   178 | D:1      | Reached XP level 2. HP: 20/20 MP: 4/4
   253 | D:1      | Reached skill level 1 in Transmutations
   346 | D:1      | Found a faded altar of an unknown god.
   827 | D:2      | Reached XP level 3. HP: 16/26 MP: 3/5
   892 | D:2      | Identified the +7 hand axe "Orphulosau" {holy, rPois rF+
                  | SInv}
  1450 | D:2      | Reached XP level 4. HP: 33/33 MP: 4/7
  1739 | D:3      | Found an ancient bone altar of Kikubaaqudgha.
  1757 | D:3      | Identified the +2 war axe "Viqiul" {drain, *Rage rPois
                  | Str+3}
  1915 | D:3      | Found a shimmering altar of Xom.
  1916 | D:3      | Found a shimmering blue altar of Sif Muna.
  2030 | D:3      | Reached skill level 4 in Poison Magic
  2053 | D:3      | Noticed Ijyb
  2062 | D:3      | Killed from afar by Ijyb

Illustrated notes

Levels and vault maps discovered:
D:1:      heliophobic_arrival_dark_side_of_the_moon, layout_basic,
          hellmonk_ecumenical_altar_crossroads
D:2:      layout_loops_ring, serial_bayou, serial_bayou_lagoon_b,
          serial_bayou_lake_a, serial_bayou_pond_d, serial_bayou_ford_a,
          minmay_tromino_v4_a
D:3:      layout_loops_ring, mainiacjoe_overflow_small_starburst,
          grunt_temple_overflow_open, serial_park_tiny_2, uniq_ijyb

Skill      XL: |  1  2  3  4 |
---------------+-------------+-----
Transmutations | 1 |  1.6
Spellcasting   | 2 |  2.5
Poison Magic   | 4 |  4.0
Ranged Weapons | |  1.7
Dodging        | |  1.0
Stealth        | |  1.7
Invocations    | |  1.0

Action                     |  1- 3 |  4- 6 || total
---------------------------+-------+-------++-------
  Melee: Hand axe          |    13 |    10 ||    23
         Tailslap          |     1 |     1 ||     2
   Fire: Sling             |    68 |       ||    68
   Cast: Sting             |    26 |    10 ||    36
 Armour: Skin              |    19 |     4 ||    23
  Dodge: Dodged            |    33 |    15 ||    48

Table legend: (Time is in decaauts)
 A = Elapsed time spent in this place.
 B = Non-inter-level travel time spent in this place.
 C = Inter-level travel time spent in this place.
 D = Time resting spent in this place.
 E = Time spent auto-exploring this place.
 F = Levels seen in this place.
 G = Mean time per level.
                   A        B        C        D        E       F      G
               +--------+--------+--------+--------+--------+-----+--------+
         Total |   2169 |   2036 |    133 |      0 |   1484 |   3 |  723.0 |
       Dungeon |   2169 |   2036 |    133 |      0 |   1484 |   3 |  723.0 |
               +--------+--------+--------+--------+--------+-----+--------+

Top non-repeatable levels by time:
     D:2: 1015 daAuts
     D:1: 804 daAuts
     D:3: 349 daAuts
